 Dungeon Crawl Stone Soup version 0.19.0-2-gae57169 (webtiles) character file.

24205 xeno23 the Arsonist (level 12, -5/114 HPs)
             Began as a Deep Elf Fire Elementalist on Nov 5, 2016.
             Was an Elder of Vehumet.
             Slain by an earth elemental (24 damage)
             ... in a volcano.
             The game lasted 01:17:11 (15694 turns).

xeno23 the Arsonist (Deep Elf Fire Elementalist)   Turns: 15694, Time: 01:17:11

Health: -5/114     AC: 26    Str:  5      XL:     12   Next: 78%
Magic:  5/24       EV:  2    Int: 24 (26) God:    Vehumet [****..]
Gold:   342        SH:  0    Dex: 11      Spells: 6 memorised, 8 levels left

rFire  + + .     SeeInvis .     (no weapon)
rCold  x x .     Gourm    .     (armour currently unavailable)
rNeg   + + +     Faith    .     (no shield)
rPois  +         Spirit   .     (helmet currently unavailable)
rElec  .         Reflect  .     (cloak currently unavailable)
rCorr  .         Harm     .     (gloves currently unavailable)
MR     +....     Clarity  +     (boots currently unavailable)
Stlth  ++........ NoTele   +    (no amulet)
                                V - ring of fire (curse)
                                A - ring of fire

@: tree-form
A: clarity, clumsy 2, deterioration 1, (electricity resistance), subdued magic 1
a: Renounce Religion


You were in a volcano.
You worshipped Vehumet.
Vehumet was greatly pleased with you.
You were very hungry.
You were a tree.
You visited 4 branches of the dungeon, and saw 16 of its levels.
You visited the Abyss 1 time.
You also visited: Volcano.

You collected 874 gold pieces.
You spent 532 gold pieces at shops.

Inventory:

Hand Weapons
 r - a +3 dagger of venom
Armour
 q - the +1 helmet "Arraloit" (melded) {rC+++}
   (You took it off Robin on level 3 of the Dungeon)

   It renders you almost immune to cold.
 L - a +1 robe of the Archmagi (melded)
 O - a +0 cloak (melded)
 U - a +0 pair of gloves (melded)
 X - a +0 pair of boots (melded)
Jewellery
 m - an uncursed ring of magical power
 s - an uncursed ring of protection from magic
 A - a ring of fire (left branch)
 V - a cursed ring of fire (right branch)
Wands
 i - a wand of hasting (3/9)
 x - a wand of digging (13/24)
 y - a wand of teleportation (3/9)
 E - a wand of iceblast (7/15)
 P - a wand of paralysis (9/24)
Scrolls
 a - 2 scrolls of vulnerability {unknown}
 e - a scroll of blinking
 f - a scroll of identify
 k - a scroll of fear
 n - 2 scrolls of remove curse
 o - 2 scrolls of amnesia
 p - 2 scrolls of enchant armour {unknown}
 t - 4 scrolls of recharging
 v - 2 scrolls of fog
 I - 2 scrolls of magic mapping
 K - 2 scrolls of teleportation
 S - 3 scrolls of enchant weapon
Potions
 d - a potion of resistance
 j - 4 potions of curing
 l - 3 potions of lignification
 u - 2 potions of ambrosia {unknown}
 w - 3 potions of invisibility
 z - a potion of agility {unknown}
 C - a potion of cancellation {unknown}
 D - 2 potions of brilliance
 F - a potion of flight
 M - a potion of haste {unknown}
 N - a potion of magic {unknown}
Comestibles
 b - 2 chunks of flesh
 c - 8 bread rations
 g - 4 fruits
 h - 4 meat rations
 H - 10 slices of pizza


   Skills:
 * Level 9.1 Fighting
 - Level 2.4 Dodging
 - Level 2.4 Stealth
 - Level 7.0 Spellcasting
 * Level 13.7 Conjurations
 * Level 14.0 Fire Magic


You had 8 spell levels left.
You knew the following spells:

 Your Spells              Type           Power        Failure   Level  Hunger
a - Flame Tongue          Conj/Fire      #####        0%          1    None
b - Apportation           Tloc           #.........   8%          1    None
c - Stone Arrow           Conj/Erth      ####..       1%          3    None
d - Conjure Flame         Conj/Fire      #######.     1%          3    None
q - Fireball              Conj/Fire      #######...   1%          5    #####..
s - Sticky Flame          Conj/Fire      #######.     1%          4    ###....


Dungeon Overview and Level Annotations

Branches:
Dungeon (11/15)            Temple (1/1) D:6            Lair (3/6) D:10
  Swamp (0/4) Lair:3          Orc (1/2) D:11
  Snake: Lair:2-4    Spider: Lair:2-4

Altars:
Ashenzari
Cheibriados
Dithmenos
Elyvilon
Fedhas
Gozag
Hepliaklqana
Kikubaaqudgha
Makhleb
Nemelex Xobeh
Okawaru
Qazlal
Ru
Sif Muna
Trog
Uskayaw
Vehumet
Xom
Yredelemnul
Zin
The Shining One

Shops:
D:5 ![   D:6 **}   D:7 (   D:8 =

Annotations:
D:5 Philosophy's ghost, novice MiHu
D:11 Gastronok


Innate Abilities, Weirdness & Mutations

You possess an exceptional clarity of mind.
You are very clumsy. (Dex -4)
Your body sometimes deteriorates upon taking damage.
((You are resistant to electric shocks. (rElec)))
Your spells are a little easier to cast, but a little less powerful.


Message History

You are feeling very hungry.
You barely miss the earth elemental.
The earth elemental is lightly damaged.
The earth elemental hits you but does no damage.
You hit the earth elemental.
The earth elemental is moderately damaged.
You hit the earth elemental but do no damage.
The earth elemental is moderately damaged.
The earth elemental hits you but does no damage.
You hit the earth elemental but do no damage.
The earth elemental is moderately damaged.
The earth elemental hits you!!
* * * LOW HITPOINT WARNING * * *
Your body deteriorates!
You feel dopey.
You take 19 damage.
You hit the earth elemental but do no damage.
The earth elemental is moderately damaged.
Okay, then.
You feel better. The earth elemental hits you!!
You die...

#########
##≈≈≈≈≈≈≈##
#≈≈≈≈≈≈.≈≈#
##....≈≈...##
#.♣.∩...∩...#
##.E.......#
##..###..##
##)###+##
#§.§≈≈#
#.§≈≈≈≈#
#§§§≈≈≈≈#
##.≈≈≈≈##
#.§≈≈≈#


You could see an earth elemental.

Vanquished Creatures
  Fannar (D:11)
  A hydra (Lair:3)
  Harold (Orc:1)
  An unseen horror (D:11)
  2 hill giants
  A wizard (D:10)
  Pikel (D:5)
  An ugly thing (D:11)
  A toenail golem (Volcano)
  A cyclops (D:11)
  2 black mambas
  5 spiny frogs
  2 efreet (Volcano)
  A rime drake (Lair:3)
  2 komodo dragons (Lair:1)
  4 polar bears (Lair:1)
  2 trolls
  Grinder (D:4)
  A two-headed ogre (D:10)
  4 raiju (Abyss:2)
  4 hippogriffs
  A spriggan (D:8)
  A wyvern (D:9)
  19 yaks
  Eustachio (D:5)
  A hungry ghost (D:9)
  2 basilisks (Lair:2)
  A chaos spawn (Abyss:2)
  Edmund (D:5)
  3 water moccasins
  A porcupine (Lair:3)
  6 orc warriors
  3 sky beasts
  An ice beast (D:11)
  A necrophage (D:9)
  5 black bears
  4 ogres
  A phantom (D:7)
  14 wolves
  6 centaurs
  5 crocodiles
  Blork the orc (D:4)
  11 bullfrogs
  2 scorpions
  10 killer bees
  2 electric eels (D:7)
  7 wights
  2 howler monkeys (D:8)
  2 crimson imps
  2 centaur zombies
  3 hounds
  4 bullfrog skeletons
  4 centaur skeletons
  17 orc wizards
  A quasit (D:8)
  Crazy Yiuf (D:7)
  5 orc priests
  5 jellies
  Terence (D:3)
  2 iguanas
  8 worker ants
  A hound zombie (D:6)
  A howler monkey zombie (D:11)
  Robin (D:3)
  6 gnolls
  10 adders
  2 shadow imps
  An ufetubus (Abyss:2)
  An adder skeleton (D:9)
  2 adder zombies
  A worm (D:2)
  2 dart slugs
  7 leopard geckos
  41 orcs
  2 ball pythons
  7 giant cockroaches
  10 goblins
  9 hobgoblins
  8 jackals
  10 quokkas
  11 bats
  3 frilled lizards
  5 kobolds
  A leopard gecko skeleton (D:7)
  8 rats
356 creatures vanquished.

Vanquished Creatures (others)
  3 slaves (D:5)
  An orc warrior (D:5)
  A necrophage (D:5)
  A bullfrog (D:11)
  A water moccasin zombie (D:11)
  A howler monkey (D:5)
  A jelly (D:5)
  3 adders
  A worm (D:5)
  A frilled lizard (D:1)
  A fungus (Lair:3)
  2 plants (Lair:3)
17 creatures vanquished.

Grand Total: 373 creatures vanquished

Notes
Turn   | Place    | Note
-------+----------+-------------------------------------------
     0 | D:1      | xeno23 the Deep Elf Fire Elementalist began the quest for the Orb.
     0 | D:1      | Reached XP level 1. HP: 10/10 MP: 6/6
   290 | D:1      | Reached XP level 2. HP: 11/15 MP: 6/8
   692 | D:2      | Reached XP level 3. HP: 14/19 MP: 2/10
   997 | D:2      | Reached skill level 4 in Fire Magic
  1157 | D:2      | Reached XP level 4. HP: 24/24 MP: 7/11
  1499 | D:3      | Noticed Robin
  1567 | D:3      | Learned a level 3 spell: Conjure Flame
  1572 | D:3      | Learned a level 4 spell: Sticky Flame
  1631 | D:3      | Killed Robin
  1646 | D:3      | Got a faintly humming helmet
  1659 | D:3      | Identified the +1 helmet "Arraloit" {rC+++} (You took it off Robin on level 3 of the Dungeon)
  1759 | D:3      | Noticed Terence
  1770 | D:3      | Killed Terence
  1787 | D:3      | Reached XP level 5. HP: 28/28 MP: 0/13
  1813 | D:3      | Found a glowing golden altar of the Shining One.
  2025 | D:3      | Found a faded altar of an unknown god.
  2313 | D:4      | Reached skill level 5 in Fire Magic
  2681 | D:4      | Noticed Blork the orc
  2692 | D:4      | Killed Blork the orc
  2692 | D:4      | Reached XP level 6. HP: 30/32 MP: 5/14
  2721 | D:4      | Noticed Grinder
  2731 | D:4      | Killed Grinder
  2731 | D:4      | Reached skill level 5 in Conjurations
  2731 | D:4      | Reached skill level 6 in Fire Magic
  2827 | D:4      | Reached skill level 5 in Spellcasting
  2827 | D:4      | Reached XP level 7. HP: 32/36 MP: 7/16
  2838 | D:4      | Learned a level 5 spell: Fireball
  3607 | D:5      | Entered Level 5 of the Dungeon
  3791 | D:5      | Reached skill level 7 in Fire Magic
  3801 | D:5      | Reached XP level 8. HP: 36/41 MP: 8/18
  3846 | D:5      | Found Huodwuz's Distillery.
  3846 | D:5      | Noticed Edmund
  3855 | D:5      | Noticed Philosophy's ghost (novice MiHu)
  3870 | D:5      | Noticed Pikel
  4066 | D:5      | Noticed Eustachio
  4071 | D:5      | Killed Eustachio
  4182 | D:5      | Killed Pikel
  4182 | D:5      | Reached skill level 8 in Fire Magic
  4473 | D:5      | Bought a potion of heal wounds for 75 gold pieces
  4473 | D:5      | Bought a potion of curing for 45 gold pieces
  4473 | D:5      | Bought a potion of brilliance for 60 gold pieces
  4529 | D:5      | Found Kuenenea's Antique Armour Shoppe.
  4657 | D:5      | Killed Edmund
  4775 | D:6      | Found a sparkling altar of Nemelex Xobeh.
  4780 | D:6      | Reached skill level 1 in Fighting
  4780 | D:6      | Reached XP level 9. HP: 46/47 MP: 14/21
  4801 | D:6      | Reached skill level 9 in Fire Magic
  5110 | D:6      | Found Orghuc's Gadget Boutique.
  5139 | D:6      | Got a dazzling shield
  5281 | D:6      | Found Viteif's Assorted Antiques.
  5496 | D:6      | Identified the +2 shield of the Blacksmith {Int+2} (You found it on level 6 of the Dungeon)
  5525 | D:6      | Found Egucsiar's Assorted Antiques.
  5594 | D:6      | Found a staircase to the Ecumenical Temple.
  5604 | Temple   | Entered the Ecumenical Temple
  5852 | Temple   | Became a worshipper of Vehumet
  5895 | D:6      | Bought a scroll labeled OZE XAUWIASUMON for 27 gold pieces
  5902 | D:6      | You fall through a shaft for 2 floors!
  6360 | D:8      | Found Suymakh's Jewellery Shoppe.
  6502 | D:8      | Reached skill level 10 in Fire Magic
  6512 | D:8      | Reached * piety under Vehumet
  6512 | D:8      | Offered knowledge of Sandblast by Vehumet.
  6965 | D:7      | Reached XP level 10. HP: 51/56 MP: 22/22
  7005 | D:6      | HP: 2/56 [poisoned by a killer bee]
  7653 | D:7      | Found an ancient bone altar of Kikubaaqudgha.
  7715 | D:7      | Reached skill level 10 in Conjurations
  7857 | D:7      | Found Bihen's Weapon Emporium.
  7988 | D:7      | Found a runed door.
  8179 | D:7      | Noticed Crazy Yiuf
  8183 | D:7      | Killed Crazy Yiuf
  8360 | D:9      | Offered knowledge of Throw Frost by Vehumet.
  8361 | D:9      | Reached ** piety under Vehumet
  8762 | D:9      | Reached skill level 5 in Fighting
  8892 | D:9      | Reached skill level 11 in Fire Magic
  9085 | D:10     | Entered Level 10 of the Dungeon
  9085 | D:10     | Noticed a hill giant
  9092 | D:10     | Killed a hill giant
  9478 | D:10     | Noticed a wizard
  9480 | D:10     | Cast into level 2 of the Abyss (a wizard)
  9480 | Abyss:2  | Found a corrupted altar of Lugonu.
  9494 | Abyss:2  | Noticed an apocalypse crab
  9525 | Abyss:2  | Noticed an Executioner
  9558 | D:10     | Escaped the Abyss
  9808 | D:10     | Offered knowledge of Ignite Poison by Vehumet.
  9808 | D:10     | Reached XP level 11. HP: 64/64 MP: 23/23
 10074 | D:10     | Killed a wizard
 10127 | D:10     | Learned a level 1 spell: Apportation
 10234 | D:10     | Reached *** piety under Vehumet
 10293 | D:10     | Found a staircase to the Lair.
 10490 | D:10     | Reached skill level 12 in Fire Magic
 10572 | D:11     | Noticed Fannar
 10575 | D:11     | Killed Fannar
 10784 | D:11     | Noticed a cyan ugly thing
 10787 | D:11     | Killed a cyan ugly thing
 10896 | D:11     | Offered knowledge of Throw Icicle by Vehumet.
 11105 | D:11     | Noticed a hill giant
 11112 | D:11     | Killed a hill giant
 11354 | D:11     | Found a staircase to the Orcish Mines.
 11462 | D:11     | Noticed Gastronok
 11512 | D:11     | Gained mutation: You are resistant to electric shocks. (rElec) [potion of mutation]
 11512 | D:11     | Gained mutation: You are clumsy. (Dex -2) [potion of mutation]
 11513 | D:11     | Gained mutation: You possess an exceptional clarity of mind. [potion of mutation]
 11513 | D:11     | Gained mutation: Your body sometimes deteriorates upon taking damage. [potion of mutation]
 11513 | D:11     | Gained mutation: You are very clumsy. (Dex -4) [potion of mutation]
 11514 | D:11     | Gained mutation: Your spells are a little easier to cast, but a little less powerful. [potion of mutation]
 11576 | D:11     | Noticed an unseen horror
 11580 | D:11     | Killed an unseen horror
 12389 | Orc:1    | Entered Level 1 of the Orcish Mines
 12392 | Orc:1    | Noticed Harold
 12742 | D:8      | Bought an uncursed ring of fire for 325 gold pieces
 12819 | Lair:1   | Entered Level 1 of the Lair of Beasts
 13097 | Lair:1   | Reached **** piety under Vehumet
 13247 | Lair:1   | Reached skill level 13 in Fire Magic
 13247 | Lair:1   | Reached XP level 12. HP: 73/73 MP: 9/24
 13568 | Lair:1   | Offered knowledge of Stone Arrow by Vehumet.
 14084 | Orc:1    | Killed Harold
 14087 | Orc:1    | Noticed an orc warlord
 15019 | Lair:3   | Found a staircase to the Swamp.
 15270 | Lair:3   | Noticed a seven-headed hydra
 15282 | Lair:3   | Killed a seven-headed hydra
 15507 | Lair:3   | Found a dark tunnel.
 15519 | Volcano  | Entered a volcano
 15530 | Volcano  | Learned a level 3 spell: Stone Arrow
 15535 | Volcano  | Reached skill level 14 in Fire Magic
 15694 | Volcano  | Slain by an earth elemental

Skill      XL: |  1  2  3  4  5  6  7  8  9 10 11 12 |
---------------+-------------------------------------+-----
Conjurations   | 2 3 4 5 6 8 9 11 12 13 | 13.7
Fire Magic     | 4 5 6 7 8 10 11 13 14 | 14.0
Spellcasting   | 4 5 7 |  7.0
Fighting       | 1 3 6 7 9 |  9.1
Dodging        | |  2.4
Stealth        | |  2.4

Action                   |  1- 3 |  4- 6 |  7- 9 | 10-12 || total
-------------------------+-------+-------+-------+-------++-------
Melee: Unarmed           |     1 |       |       |    23 ||    24
       Dagger            |       |    22 |    19 |   112 ||   153
       Whip              |       |       |    22 |       ||    22
 Cast: Flame Tongue      |    61 |    86 |   138 |   176 ||   461
       Sticky Flame      |       |     5 |    29 |    33 ||    67
       Fireball          |       |       |    13 |   102 ||   115
       Conjure Flame     |       |       |     2 |     1 ||     3
       Stone Arrow       |       |       |       |    12 ||    12
Evoke: Wand              |       |       |     2 |     4 ||     6
  Use: Scroll            |       |     2 |     6 |    16 ||    24
       Potion            |       |       |       |     9 ||     9
 Stab: Sleeping          |       |     1 |       |       ||     1
  Eat: Chunk             |     1 |     5 |    20 |    42 ||    68
       Royal jelly       |       |       |       |     2 ||     2
       Bread ration      |       |       |       |     1 ||     1
       Beef jerky        |       |       |       |     1 ||     1
Armor: Robe              |     6 |    12 |    26 |    60 ||   104
       Skin              |       |       |       |    18 ||    18
Dodge: Dodged            |    19 |    36 |    87 |   126 ||   268
